 Dungeon Crawl Stone Soup version 0.30.0-29-ga12c61a403 (webtiles) character file.

Game seed: 9193017312572182722

196 Descartes the Shield-Bearer (level 6, -5/48 HPs)
             Began as a Formicid Fighter on June 14, 2023.
             Slain by an ogre
             ... wielding a +0 giant spiked club
              (18 damage)
             ... on level 4 of the Dungeon on June 20, 2023.
             The game lasted 00:08:17 (1956 turns).

Descartes the Shield-Bearer (Formicid Fighter)      Turns: 1956, Time: 00:08:19

Health: -5/48      AC:  7    Str: 22    XL:     6   Next: 4%
Magic:  8/8        EV:  9    Int:  8    God:
Gold:   221        SH:  5    Dex: 13    Spells: 8/8 levels left

rFire   . . .        a - +0 war axe
rCold   . . .        c - +0 buckler
rNeg    . . .        b - +0 scale mail
rPois   .            (helmet unavailable)
rElec   .            (no cloak)
rCorr   .            (no gloves)
SInv    +            (no boots)
Will    .....        (no amulet) Stlth
                     (no ring)
HPRegen 0.28/turn    (no ring)
MPRegen 0.11/turn

%: no passive effects
@: no status effects
A: permanent stasis, dig shafts and tunnels, antennae 3, four strong arms
a: Dig, Shaft Self


You were on level 4 of the Dungeon.
You visited 1 branch of the dungeon, and saw 4 of its levels.

You collected 221 gold pieces.

Inventory:

Hand Weapons
 a - a +0 war axe (weapon)
Missiles
 j - 5 poisoned darts
Armour
 b - a +0 scale mail (worn)
 c - a +0 buckler (worn)
Jewellery
 f - a +5 ring of evasion
Scrolls
 g - a scroll of noise {unknown}
 h - 2 scrolls of brand weapon {unknown}
 i - 2 scrolls of identify {unknown}
 n - a scroll of enchant armour {unknown}
 o - a scroll of immolation {unknown}
 r - 3 scrolls of amnesia {unknown}
 u - a scroll of fear {unknown}
Potions
 d - a potion of might
 e - a potion of experience {unknown}
 k - a potion of brilliance {unknown}
 l - a potion of flight {unknown}
 m - a potion of lignification {unknown}
 p - a potion of attraction {unknown}
 q - 3 potions of curing {unknown}
 s - 4 potions of heal wounds {unknown}
 t - a potion of cancellation {unknown}
 v - a potion of degeneration {unknown}


   Skills:
 + Level 4.0 Fighting
 + Level 2.7 Axes
 + Level 3.9 Armour
 + Level 4.9 Shields
 + Level 1.7 Spellcasting
 * Level 1.4 Translocations
 + Level 2.0 Evocations


You had 8 spell levels left.
You didn't know any spells.
Your spell library contained the following spells:

 Spells                   Type           Power      Damage    Failure   Level
 Necrotise                Necr           0%         1d4       75%         1
 Vampiric Draining        Necr           0%         2d6       98%         3
 Agony                    Necr           0%         N/A       100%        5


Dungeon Overview and Level Annotations

Branches:
Dungeon (4/15)
 Temple: D:4-7

Altars:
Uskayaw
Vehumet

Shops:
D:3 *

Annotations:
D:3 2 transporters, MrAu's ghost, amateur DgFi


Innate Abilities, Weirdness & Mutations

You cannot be hasted, slowed, berserked, paralysed or teleported.
You can dig through walls and to a lower floor.
You have a pair of large antennae on your head. (SInv)
Your four strong arms can wield two-handed weapons with a shield.


Message History

You hit the iguana but do no damage. The iguana barely misses you.
You closely miss the iguana. The iguana barely misses you.
You closely miss the iguana. You block the iguana's attack.
The iguana bites you but does no damage.
You hit the iguana.
The iguana is moderately wounded.
The iguana bites you but does no damage.
You barely miss the iguana.
The iguana is moderately wounded.
The iguana bites you but does no damage.
The iguana barely misses you.
You closely miss the iguana.
The iguana is moderately wounded.
The iguana bites you but does no damage.
You closely miss the iguana.
The iguana is moderately wounded.
You block the iguana's attack.
The iguana bites you but does no damage.
You hit the iguana.
The iguana is severely wounded.
The iguana bites you but does no damage.
You hit the iguana.
You kill the iguana!
Your Fighting skill increases to level 4!
Your Evocations skill increases to level 2!
You have reached level 6!
An ogre comes into view. It is wielding a +0 giant spiked club.
The ogre shouts!
You see here an iguana corpse.
You slash the ogre!
The ogre is heavily wounded.
The ogre hits you with a +0 giant spiked club!!
You barely miss the ogre.
The ogre is heavily wounded.
The ogre hits you with a +0 giant spiked club!
* * * LOW HITPOINT WARNING * * *
You barely miss the ogre.
The ogre is heavily wounded.
The ogre hits you with a +0 giant spiked club!!
You die...

#......## #.<....##
#..###### #### ♣♣♣♣
....♣ ♣♣♣♣♣♣ ♣
♣..♣♣♣♣♣♣♣....♣♣♣♣♣♣♣
♣.....†....♣♣...♣♣...
♣♣..@♣♣♣♣♣♣♣♣♣♣♣...♣♣
♣.O.♣ ♣♣♣♣♣ .....♣♣
♣.♣♣♣♣. ♣♣


You could see an ogre.

Vanquished Creatures
  A hound (D:4)
  An orc priest (D:3)
  An iguana (D:4)
  A statue (D:3)
  5 adders
  An ufetubus (D:4)
  An endoplasm (D:1)
  2 giant cockroaches
  2 goblins
  6 hobgoblins
  4 quokkas
  6 ball pythons
  6 bats
  4 kobolds
  3 rats
44 creatures vanquished.

Notes
Turn   | Place    | Note
-------+----------+-------------------------------------------
     0 | D:1      | Descartes the Formicid Fighter began the quest for the Orb.
     0 | D:1      | Reached XP level 1. HP: 18/18 MP: 1/1
   180 | D:1      | Reached XP level 2. HP: 24/24 MP: 2/2
   832 | D:2      | Reached XP level 3. HP: 17/29 MP: 3/3
   909 | D:2      | Reached skill level 1 in Evocations
  1121 | D:2      | Reached skill level 1 in Spellcasting
  1121 | D:2      | Reached XP level 4. HP: 17/37 MP: 5/5
  1335 | D:3      | Noticed an ogre
  1441 | D:3      | Found Noipt's General Store.
  1483 | D:3      | Reached skill level 1 in Translocations
  1487 | D:3      | Noticed a +0 short sword
  1487 | D:3      | Noticed a +0 dagger
  1488 | D:3      | Noticed a +0 short sword
  1500 | D:3      | Noticed a +0 falchion
  1500 | D:3      | Noticed a +0 falchion
  1502 | D:3      | Noticed a +0 spear
  1503 | D:3      | Noticed a +0 spear
  1507 | D:3      | Noticed a +0 dagger
  1538 | D:3      | Found a hide-covered altar of Uskayaw.
  1631 | D:3      | Found a radiant altar of Vehumet.
  1638 | D:3      | Found a transporter.
  1640 | D:3      | Noticed an ogre
  1640 | D:3      | Noticed MrAu's ghost (amateur DgFi)
  1653 | D:3      | Found a transporter.
  1680 | D:3      | Noticed a charred statue
  1694 | D:3      | Killed a charred statue
  1695 | D:3      | Reached XP level 5. HP: 30/42 MP: 6/6
  1951 | D:4      | Reached XP level 6. HP: 48/48 MP: 8/8
  1951 | D:4      | Noticed an ogre
  1956 | D:4      | Slain by an ogre

Illustrated notes

Levels and vault maps discovered:
D:1:      dpeg_arrival_rhombi, layout_basic
D:2:      layout_basic
D:3:      layout_rooms, vehumet_statue, nicolae_uskayaw_en_pointe,
          gammafunk_ghost_smash, serial_shops, shop
D:4:      kb_forest_paths, layout_gridville, zin_treasury, uniq_eustachio,
          uniq_crazy_yiuf_cottage, uniq_robin, uniq_blork_the_orc

Skill      XL: |  1  2  3  4  5 |
---------------+----------------+-----
Evocations     | 1 2 |  2.0
Spellcasting   | 1 |  1.7
Translocations | 1 |  1.4
Fighting       | 4 |  4.0
Axes           | |  2.7
Armour         | |  3.9
Shields        | |  4.9

Action                     |  1- 3 |  4- 6 || total
---------------------------+-------+-------++-------
  Melee: War axe           |   106 |    63 ||   169
 Armour: Scale mail        |    56 |    27 ||    83
  Dodge: Dodged            |    49 |    27 ||    76
  Block: Buckler           |    37 |    11 ||    48
